IL
TOLEDO MUD HENS @ NASHVILLE SOUNDS
07/16/2048
 
TOP OF THE 1ST
Toledo Mud Hens batting - Pitching for Nashville Sounds : RHP Victor Sanchez
Pitching: RHP Victor Sanchez
Batting: RHB Brandon O'Malley 0-0: Called Strike
0-1: Ground out 4-3 (Groundball, 4M, EV 104.4 MPH)
Batting: RHB Dan Becvar 0-0: Swinging Strike
0-1: Called Strike
0-2: Ball
1-2: Ball
2-2: Ball
3-2: Base on Balls
Batting: LHB Jon Frederick 0-0: Called Strike
Dan Becvar steals 2nd, throwing error, E2
Dan Becvar to third
0-1: Ball
1-1: Swinging Strike
1-2: Strikes out swinging, 2-3 out at first.
Batting: RHB Willis Morales 0-0: Ball
1-0: Called Strike
1-1: Fly out, F8 (Flyball, 78XD, EV 98.1 MPH)
Top of the 1st over - 0 runs, 0 hits, 1 error, 1 left on base; Toledo 0 - Nashville 0
BOTTOM OF THE 1ST
Nashville Sounds batting - Pitching for Toledo Mud Hens : RHP Andy Miller
Pitching: RHP Andy Miller
Batting: RHB Jeff Garofalo 0-0: Foul Ball, location: 2F
0-1: Ground out 4-3 (Groundball, 4, EV 82.5 MPH)
Batting: SHB Robert Santiago 0-0: Called Strike
0-1: Called Strike
0-2: Foul Ball, location: 2F
0-2: Ball
1-2: Foul Ball, location: 2F
1-2: Foul Ball, location: 2F
1-2: Ball
2-2: Ball
3-2: Strikes out swinging
Batting: RHB Tim Cordle 0-0: Ball
1-0: Called Strike
1-1: Ball
2-1: Ball
3-1: SINGLE (Groundball, 6S, EV 73.1 MPH) (infield hit)
Batting: RHB David Herrera 0-0: Called Strike
0-1: Ball
1-1: Swinging Strike
1-2: Strikes out swinging
Bottom of the 1st over - 0 runs, 1 hit, 0 errors, 1 left on base; Toledo 0 - Nashville 0
TOP OF THE 2ND
Toledo Mud Hens batting - Pitching for Nashville Sounds : RHP Victor Sanchez
Batting: RHB Joel Miller 0-0: Ball
1-0: Fly out, F7 (Flyball, 7D, EV 98.8 MPH)
Batting: RHB Keith Hoffman 0-0: Called Strike
0-1: Ball
1-1: Ball
2-1: Called Strike
2-2: Ball
3-2: Strikes out swinging
Batting: RHB Aaron Cusick 0-0: Ball
1-0: Ball
2-0: Ball
3-0: Called Strike
3-1: Foul Ball, location: 2F
3-2: Foul Ball, location: 2F
3-2: Base on Balls
Batting: SHB Scott Bartholomew 0-0: Ball
1-0: Ball
2-0: Ball
3-0: Base on Balls
Aaron Cusick to second
Batting: SHB Chris Wagler 0-0: Ball
1-0: DOUBLE (Line Drive, 7LM, EV 90.6 MPH)
Aaron Cusick scores
Scott Bartholomew to third
Batting: RHB Brandon O'Malley 0-0: Ball
1-0: Ball
2-0: Called Strike
2-1: Swinging Strike
2-2: Ball
3-2: Strikes out swinging
Top of the 2nd over - 1 run, 1 hit, 0 errors, 2 left on base; Toledo 1 - Nashville 0
BOTTOM OF THE 2ND
Nashville Sounds batting - Pitching for Toledo Mud Hens : RHP Andy Miller
Batting: LHB Tomas Segarra 0-0: Called Strike
0-1: Foul Ball, location: 2F
0-2: Foul Ball, location: 2F
0-2: Foul Ball, location: 2F
0-2: Strikes out swinging
Batting: RHB Wade Diamond 0-0: Ball
1-0: Ground out 5-3 (Groundball, 15, EV 80.0 MPH)
Batting: RHB Ryan Kinkead 0-0: Ball
1-0: Ball
2-0: Foul Ball, location: 2F
2-1: Fly out, F8 (Line Drive, 8RM, EV 86.2 MPH)
Bottom of the 2nd over - 0 runs, 0 hits, 0 errors, 0 left on base; Toledo 1 - Nashville 0
TOP OF THE 3RD
Toledo Mud Hens batting - Pitching for Nashville Sounds : RHP Victor Sanchez
Batting: RHB Dan Becvar 0-0: Hit by Pitch
Batting: LHB Jon Frederick 0-0: Called Strike
0-1: Called Strike
0-2: Ball
1-2: Ball
2-2: Fly out, F4 (Line Drive, 4, EV 74.4 MPH)
Batting: RHB Willis Morales 0-0: Called Strike
0-1: Called Strike
Dan Becvar steals 2nd base (no throw)
0-2: Ball
1-2: Foul Ball, location: 2F
1-2: Fly out, F8 (Line Drive, 8RD, EV 90.6 MPH)
Batting: RHB Joel Miller 0-0: Ball
1-0: Called Strike
1-1: Swinging Strike
1-2: Strikes out swinging
Top of the 3rd over - 0 runs, 0 hits, 0 errors, 1 left on base; Toledo 1 - Nashville 0
BOTTOM OF THE 3RD
Nashville Sounds batting - Pitching for Toledo Mud Hens : RHP Andy Miller
Batting: LHB Zachary DeLuca 0-0: Ball
1-0: Ball
2-0: Foul Ball, location: 2F
2-1: Foul Ball, location: 2F
2-2: Strikes out swinging
Batting: RHB Mike Gangi 0-0: Called Strike
0-1: Foul Ball, location: 2F
0-2: Ball
1-2: Fly out, F6 (Popup, 6MS, EV 60.0 MPH)
Batting: RHB Jeff Garofalo 0-0: Called Strike
0-1: Ball
1-1: Ball
2-1: Foul Ball, location: 2F
2-2: SINGLE (Groundball, 4S, EV 75.6 MPH) (infield hit)
Batting: SHB Robert Santiago 0-0: Ball
Jeff Garofalo is caught stealing 2nd base 2-6
Bottom of the 3rd over - 0 runs, 1 hit, 0 errors, 0 left on base; Toledo 1 - Nashville 0
TOP OF THE 4TH
Toledo Mud Hens batting - Pitching for Nashville Sounds : RHP Victor Sanchez
Batting: RHB Keith Hoffman 0-0: Ball
1-0: Ball
2-0: SINGLE (Groundball, 4D, EV 97.5 MPH)
Batting: RHB Aaron Cusick 0-0: SINGLE (Line Drive, 8LS, EV 106.2 MPH)
Keith Hoffman to second
Batting: SHB Scott Bartholomew 0-0: Called Strike
0-1: Ball
Passed Ball!
Keith Hoffman to third
Aaron Cusick to second
1-1: Called Strike
1-2: Foul Ball, location: 2F
1-2: Ball
2-2: Ball
3-2: Strikes out swinging
Batting: SHB Chris Wagler 0-0: Called Strike
0-1: Ball
1-1: Foul Ball, location: 2F
1-2: Foul Ball, location: 2F
1-2: Ball
2-2: Ground out U3 (Groundball, 13, EV 84.4 MPH)
Keith Hoffman scores
Aaron Cusick to third
Batting: RHB Brandon O'Malley 0-0: Called Strike
0-1: Ball
1-1: Ground out 6-3 (Groundball, 6, EV 100.6 MPH)
Top of the 4th over - 1 run, 2 hits, 0 errors, 1 left on base; Toledo 2 - Nashville 0
BOTTOM OF THE 4TH
Nashville Sounds batting - Pitching for Toledo Mud Hens : RHP Andy Miller
Batting: SHB Robert Santiago 0-0: Called Strike
0-1: Ball
1-1: Ball
2-1: Ball
3-1: Foul Ball, location: 2F
3-2: Ground out U3 (Groundball, 34, EV 80.6 MPH)
Batting: RHB Tim Cordle 0-0: Hit by Pitch
Batting: RHB David Herrera 0-0: SINGLE (Groundball, 56D, EV 100.6 MPH)
Tim Cordle to second
Batting: LHB Tomas Segarra 0-0: Called Strike
0-1: Ball
1-1: Ball
2-1: Swinging Strike
2-2: Ball
3-2: Strikes out swinging
Batting: RHB Wade Diamond 0-0: Foul Ball, location: 2F
0-1: Called Strike
0-2: Ball
1-2: Strikes out swinging
Bottom of the 4th over - 0 runs, 1 hit, 0 errors, 2 left on base; Toledo 2 - Nashville 0
TOP OF THE 5TH
Toledo Mud Hens batting - Pitching for Nashville Sounds : RHP Victor Sanchez
Batting: RHB Dan Becvar 0-0: Ball
1-0: Ball
2-0: Foul Ball, location: 2F
2-1: Foul Ball, location: 2F
2-2: Ground out 5-3 (Groundball, 5, EV 87.5 MPH)
Pitching: RHP Jesus Gonzales
Batting: LHB Jon Frederick 0-0: Called Strike
0-1: Ball
1-1: Foul Ball, location: 2F
1-2: Foul Ball, location: 2F
1-2: Ground out U3 (Groundball, 3, EV 86.2 MPH)
Batting: RHB Willis Morales 0-0: Swinging Strike
0-1: Foul Ball, location: 2F
0-2: Foul Ball, location: 2F
0-2: Ball
1-2: Ground out U3 (Groundball, 34, EV 101.2 MPH)
Top of the 5th over - 0 runs, 0 hits, 0 errors, 0 left on base; Toledo 2 - Nashville 0
BOTTOM OF THE 5TH
Nashville Sounds batting - Pitching for Toledo Mud Hens : RHP Andy Miller
Batting: RHB Ryan Kinkead 0-0: Called Strike
0-1: Foul Ball, location: 2F
0-2: Ball
1-2: Ball
2-2: Fly out, F9 (Flyball, 9D, EV 98.1 MPH)
Batting: LHB Zachary DeLuca 0-0: Swinging Strike
0-1: Fly out, F9 (Flyball, 9, EV 98.1 MPH)
Batting: RHB Mike Gangi 0-0: Ball
1-0: Ball
2-0: SINGLE (Groundball, 56S, EV 65.0 MPH) (infield hit)
Batting: RHB Jeff Garofalo 0-0: Called Strike
0-1: Called Strike
Mike Gangi steals 2nd base
0-2: Fly out, F9 (Flyball, 89M, EV 89.4 MPH)
Bottom of the 5th over - 0 runs, 1 hit, 0 errors, 1 left on base; Toledo 2 - Nashville 0
TOP OF THE 6TH
Toledo Mud Hens batting - Pitching for Nashville Sounds : RHP Jesus Gonzales
Batting: RHB Joel Miller 0-0: Foul Ball, location: 2F
0-1: Ball
1-1: Swinging Strike
1-2: Ball
2-2: DOUBLE (Flyball, 8LXD, EV 101.2 MPH)
Batting: RHB Keith Hoffman 0-0: SINGLE (Groundball, 56D, EV 97.5 MPH)
Joel Miller to third
Batting: RHB Aaron Cusick 0-0: Called Strike
0-1: Ball
1-1: Foul Ball, location: 2F
1-2: Strikes out swinging
Batting: SHB Scott Bartholomew 0-0: Ball
1-0: Fly out, F9 (Flyball, 9S, EV 82.5 MPH)
Batting: SHB Chris Wagler 0-0: Ball
1-0: Foul Ball, location: 2F
1-1: Ground out 4-3 (Groundball, 4, EV 85.0 MPH)
Top of the 6th over - 0 runs, 2 hits, 0 errors, 2 left on base; Toledo 2 - Nashville 0
BOTTOM OF THE 6TH
Nashville Sounds batting - Pitching for Toledo Mud Hens : RHP Andy Miller
Batting: SHB Robert Santiago 0-0: Ball
1-0: Ball
2-0: Ball
3-0: Base on Balls
Batting: RHB Tim Cordle 0-0: Foul Ball, location: 2F
0-1: SINGLE (Groundball, 34, EV 95.6 MPH)
Robert Santiago to second
Runner from 2nd tries for 3rd, SAFE, throw by RF made to third
Batting: RHB David Herrera 0-0: Called Strike
0-1: Called Strike
0-2: Ball
1-2: Ball
2-2: Strikes out swinging
Batting: LHB Tomas Segarra 0-0: DOUBLE (Line Drive, 9LM, EV 108.8 MPH)
Robert Santiago scores
Tim Cordle to third
Runner from 3rd tries for Home, SAFE, throw by RF to home
Batting: RHB Wade Diamond 0-0: Ball
1-0: Ball
2-0: Called Strike
2-1: Swinging Strike
2-2: Foul Ball, location: 2F
2-2: Ground out 5-3 (Groundball, 56, EV 100.0 MPH)
Batting: RHB Ryan Kinkead 0-0: Ball
1-0: Ball
2-0: Called Strike
2-1: Ball
3-1: Base on Balls
Batting: LHB Zachary DeLuca 0-0: Called Strike
0-1: Swinging Strike
0-2: SINGLE (Groundball, 5D, EV 103.8 MPH)
Tomas Segarra to third
Ryan Kinkead to second
Runner from 3rd tries for Home, SAFE, throw by LF to home
Pitching: LHP Bobby Jones
Batting: RHB Mike Gangi 0-0: Foul Ball, location: 2F
0-1: Foul Ball, location: 2F
0-2: Strikes out swinging
Bottom of the 6th over - 3 runs, 3 hits, 0 errors, 2 left on base; Toledo 2 - Nashville 3
TOP OF THE 7TH
Toledo Mud Hens batting - Pitching for Nashville Sounds : RHP Jesus Gonzales
Batting: RHB Brandon O'Malley 0-0: Called Strike
0-1: Ball
1-1: Called Strike
1-2: Ball
2-2: Strikes out swinging
Batting: RHB Dan Becvar 0-0: Ground out U3 (Groundball, 3, EV 110.0 MPH)
Batting: LHB Jon Frederick 0-0: Called Strike
0-1: Foul Ball, location: 2F
0-2: Ball
1-2: Strikes out swinging
Top of the 7th over - 0 runs, 0 hits, 0 errors, 0 left on base; Toledo 2 - Nashville 3
BOTTOM OF THE 7TH
Nashville Sounds batting - Pitching for Toledo Mud Hens : LHP Bobby Jones
Batting: RHB Jeff Garofalo 0-0: Ball
1-0: SINGLE (Popup, 6D, EV 52.5 MPH)
Batting: SHB Robert Santiago 0-0: Foul Ball, location: 2F
0-1: Ball
1-1: Ball
2-1: SINGLE (Groundball, 56D, EV 105.0 MPH)
Jeff Garofalo to second
Batting: RHB Tim Cordle 0-0: Ball
1-0: Swinging Strike
1-1: Ball
2-1: Swinging Strike
2-2: Strikes out swinging
Batting: RHB David Herrera 0-0: Called Strike
0-1: Foul Ball, location: 2F
0-2: Grounds into double play, 5-4-3 (Groundball, 56, EV 104.4 MPH)
Bottom of the 7th over - 0 runs, 2 hits, 0 errors, 1 left on base; Toledo 2 - Nashville 3
TOP OF THE 8TH
Toledo Mud Hens batting - Pitching for Nashville Sounds : RHP Jesus Gonzales
Pitching: RHP Kevin Endsley
Now at 1B: Zachary DeLuca
Now in RF: Robby Godwin
Batting: RHB Willis Morales 0-0: Swinging Strike
0-1: Swinging Strike
0-2: Ball
1-2: Ball
2-2: Ground out 5-3 (Groundball, 56, EV 86.2 MPH)
Batting: RHB Joel Miller 0-0: Swinging Strike
0-1: Called Strike
0-2: Ball
1-2: Foul Ball, location: 2F
1-2: Ball
2-2: Strikes out looking
Batting: RHB Keith Hoffman 0-0: Called Strike
0-1: Ball
1-1: Called Strike
1-2: Ball
2-2: Ball
3-2: Foul Ball, location: 2F
3-2: Strikes out swinging
Top of the 8th over - 0 runs, 0 hits, 0 errors, 0 left on base; Toledo 2 - Nashville 3
BOTTOM OF THE 8TH
Nashville Sounds batting - Pitching for Toledo Mud Hens : LHP Bobby Jones
Pitching: RHP Martin Murillo
Batting: LHB Tomas Segarra 0-0: Ball
1-0: Called Strike
1-1: Ball
2-1: Ball
3-1: Called Strike
3-2: Single, Error in OF, E8, batter to second base (Line Drive, 8RS, EV 90.0 MPH)
Batting: RHB Wade Diamond 0-0: Swinging Strike
0-1: Called Strike
0-2: Strikes out looking
Batting: RHB Ryan Kinkead 0-0: Ball
1-0: Ball
2-0: Foul Ball, location: 2F
2-1: Ball
3-1: Base on Balls
Batting: LHB Zachary DeLuca 0-0: Ball
1-0: Ball
2-0: Swinging Strike
2-1: Foul Ball, location: 2F
2-2: Foul Ball, location: 2F
2-2: Foul Ball, location: 2F
2-2: Strikes out swinging
Batting: RHB Mike Gangi 0-0: Ball
1-0: Foul Ball, location: 2F
1-1: Ball
2-1: Ball
3-1: Called Strike
3-2: SINGLE (Line Drive, 9LM, EV 105.0 MPH)
Tomas Segarra to third
Ryan Kinkead to second
Tomas Segarra scores
Ryan Kinkead to third
Pitching: RHP Roberto Benavides
Batting: RHB Jeff Garofalo 0-0: Ball
1-0: Foul Ball, location: 2F
1-1: Ball
2-1: Ball
3-1: Base on Balls
Mike Gangi to second
Pitching: RHP Chris Kimura
Batting: SHB Robert Santiago 0-0: Called Strike
0-1: Ball
1-1: Fly out, F9 (Flyball, 9D, EV 106.2 MPH)
Bottom of the 8th over - 1 run, 2 hits, 1 error, 3 left on base; Toledo 2 - Nashville 4
TOP OF THE 9TH
Toledo Mud Hens batting - Pitching for Nashville Sounds : RHP Kevin Endsley
Pitching: RHP Charlie Shook
Now at 2B: Eduardo Chavez
Batting: RHB Aaron Cusick 0-0: SINGLE (Line Drive, 8LS, EV 104.4 MPH)
Batting: SHB Scott Bartholomew 0-0: Ball
1-0: Swinging Strike
1-1: Ball
2-1: Reached on error, E5 (Groundball, 56, EV 85.6 MPH)
Aaron Cusick to second
Batting: SHB Chris Wagler 0-0: Ball
1-0: Ball
2-0: Ball
3-0: Called Strike
3-1: Fly out, F9 (Flyball, 9, EV 78.8 MPH)
Batting: RHB Brandon O'Malley 0-0: Foul Ball, location: 2F
0-1: Called Strike
0-2: Ball
1-2: Ball
2-2: Strikes out swinging
Batting: RHB Dan Becvar 0-0: SINGLE (Line Drive, 7S, EV 100.6 MPH)
Aaron Cusick to third
Scott Bartholomew to second
Batting: LHB Jon Frederick 0-0: Called Strike
0-1: Ball
1-1: Called Strike
1-2: Strikes out looking
Top of the 9th over - 0 runs, 2 hits, 1 error, 3 left on base; Toledo 2 - Nashville 4
Tuesday, March 28th , 2023 - OOTP Baseball 23.10 Build 110